 Dungeon Crawl Stone Soup version 0.23.2-33-g5129a83184 (webtiles) character file.

Game seed: 3904894173930800984

166 psyvane the Vexing (level 5, -2/52 HPs)
             Began as an Ogre Arcane Marksman on July 14, 2019.
             Slain by an adder (5 damage)
             ... on level 3 of the Dungeon.
             The game lasted 00:16:55 (5072 turns).

psyvane the Vexing (Ogre Arcane Marksman)           Turns: 5072, Time: 00:16:57

Health: -2/52      AC:  5    Str: 15    XL:     5   Next: 47%
Magic:  4/6        EV: 10    Int: 14    God:
Gold:   58         SH:  0    Dex:  9    Spells: 3/6 levels left

rFire    . . .     SeeInvis .   i - +0 hand axe
rCold    . . .     Gourm    .   (no shield)
rNeg     . . .     Faith    .   j - +2 animal skin
rPois    .         Spirit   .   (helmet restricted)
rElec    .         Reflect  .   (no cloak)
rCorr    .         Harm     .   (gloves unavailable)
MR       .....                  (boots unavailable)
Stlth    +.........             (no amulet)
HPRegen  0.17/turn              (no ring)
MPRegen  0.10/turn              (no ring)

@: lethally poisoned (-2 -> -7)
A: large, unfitting armour, tough skin 1
a: no special abilities


You were on level 3 of the Dungeon.
You were very hungry.

You visited 1 branch of the dungeon, and saw 3 of its levels.

You collected 58 gold pieces.

Inventory:

Hand Weapons
 e - a +0 falchion
 i - a +0 hand axe (weapon)
Missiles
 d - a throwing net (quivered)
Armour
 j - a +2 animal skin (worn)
Jewellery
 g - an uncursed ring of wizardry {unknown}
Comestibles
 a - 4 chunks of flesh
 f - 5 rations


   Skills:
 - Level 2.8 Fighting
 - Level 2.0 Throwing
 - Level 1.7 Dodging
 - Level 1.2 Spellcasting
 * Level 5.1 Hexes


You had 3 spell levels left.
You knew the following spells:

 Your Spells              Type           Power        Failure   Level  Hunger
a - Corona                Hex            ###....      3%          1    ##.....
b - Slow                  Hex            ###.....     4%          2    ###....

Your spell library contained the following spells:

 Spells                   Type           Power        Failure   Level  Hunger
 Inner Flame              Hex/Fire       #.......     26%         3    ####...
 Portal Projectile        Hex/Tloc       #.....       26%         3    ####...
 Cause Fear               Hex            ###.......   30%         4    #####..
 Leda's Liquefaction      Hex/Erth       #.........   65%         4    #####..


Dungeon Overview and Level Annotations

Branches:
Dungeon (3/15)

Altars:
Trog

Annotations:
D:2 1 runed translucent door, Crazy Yiuf


Innate Abilities, Weirdness & Mutations

You are too large for most types of armour.
You have tough skin. (AC +1)


Message History

Press: ? - help, Shift-Dir - straight line, f - adder
Aim: an adder (purple smoke, almost dead)
You throw a large rock.
The large rock closely misses the adder.
The large rock barely misses the adder.
Your Hexes skill increases to level 5!
You feel a bit more experienced.
You feel sick.
The kobold shouts!
The adder barely misses you. The adder bites you.
* * * LOW HITPOINT WARNING * * *
The adder bites you but does no damage. x3
Okay, then.
You hit the adder but do no damage.
The adder is almost dead.
You closely miss the adder. You hit the adder but do no damage.
The adder bites you but does no damage. The adder closely misses you.
The adder bites you.
* * * LOW HITPOINT WARNING * * *
The adder closely misses you. The adder bites you.
You die...

## . . .# ...S. ##.##
....S§§######### #..(#
....§§§§§§§o.ol# #.#.##
.>...§§l######.###.#[.##
.....§SS# #...).#....
...K.§S@# #####.l†.#
.....§..# #......
.$####### #.##.## ##>##
#o# .# 8...8 .g. .
#..... #o.. .# 8)....
#... . ##.....# ... .


You could see 3 adders, a kobold and a frilled lizard.

Vanquished Creatures
  An orc priest (D:3)
  Robin (D:2)
  4 adders
  An ooze (D:2)
  4 worms (D:2)
  A dart slug (D:1)
  A leopard gecko (D:1)
  3 orcs (D:3)
  5 giant cockroaches
  11 goblins
  15 hobgoblins
  3 jackals
  A ball python (D:1)
  5 bats
  3 frilled lizards
  2 kobolds
  8 rats
69 creatures vanquished.

Notes
Turn   | Place    | Note
-------+----------+-------------------------------------------
     0 | D:1      | psyvane the Ogre Arcane Marksman began the quest for the
                  | Orb.
     0 | D:1      | Reached XP level 1. HP: 19/19 MP: 2/2
   559 | D:1      | Reached XP level 2. HP: 22/29 MP: 3/3
   563 | D:1      | Learned a level 2 spell: Slow
   905 | D:1      | Reached skill level 3 in Hexes
  1605 | D:1      | Reached XP level 3. HP: 35/36 MP: 0/4
  2643 | D:2      | Found a runed translucent door.
  2779 | D:2      | Noticed Crazy Yiuf
  2981 | D:2      | Reached skill level 4 in Hexes
  2981 | D:2      | Reached XP level 4. HP: 20/44 MP: 2/5
  3950 | D:2      | Identified the cursed +0 helmet of the Distant Future {rC-
                  | Dex+3 Stlth+}
  3950 | D:2      | Noticed Robin
  3979 | D:2      | Killed Robin
  4011 | D:2      | HP: 2/44 [hobgoblin/+0 club[Robin] (8)]
  4323 | D:2      | Noticed a moth of wrath
  4326 | D:2      | Found a bloodstained altar of Trog.
  4403 | D:2      | Reached XP level 5. HP: 35/52 MP: 2/6
  5071 | D:3      | Reached skill level 5 in Hexes
  5072 | D:3      | Slain by an adder

Skill      XL: |  1  2  3  4  5 |
---------------+----------------+-----
Fighting       | 2 |  2.8
Hexes          | 3 4 5 |  5.1
Throwing       | |  2.0
Dodging        | |  1.7
Spellcasting   | |  1.2

Action                   |  1- 3 |  4- 6 || total
-------------------------+-------+-------++-------
Melee: Unarmed           |   207 |       ||   207
       Hand axe          |    21 |   113 ||   134
Throw: Large rock        |       |     8 ||     8
       Throwing net      |       |     2 ||     2
 Cast: Corona            |    47 |    34 ||    81
       Slow              |     7 |     6 ||    13
  Use: Potion            |     1 |     1 ||     2
       Scroll            |     3 |     1 ||     4
 Stab: Sleeping          |       |     1 ||     1
  Eat: Chunk             |     7 |     6 ||    13
       Ration            |     1 |       ||     1
Armor: Robe              |   108 |    16 ||   124
       Animal skin       |       |    17 ||    17
Dodge: Dodged            |   161 |    75 ||   236
